 Dungeon Crawl Stone Soup version 0.29-a0-830-gcb1280458a (webtiles) character file.

Game seed: 12804159732869261366

47143 jlumianski the Cleaver (level 14, -6/110 HPs)
             Began as a Demonspawn Fighter on July 11, 2022.
             Was a Priest of Qazlal.
             Collided with a stone wall (12 damage)
             ... caused by a wretched star
             ... on level 3 of the Abyss on July 12, 2022.
             The game lasted 01:27:08 (17939 turns).

jlumianski the Cleaver (Demonspawn Fighter)        Turns: 17939, Time: 01:27:13

Health: -6/110     AC: 26    Str: 21 (22) XL:     14   Next: 7%
Magic:  18/18      EV: 13    Int:  7      God:    Qazlal [***...]
Gold:   1080       SH: 15    Dex: 16 (19) Spells: 13/13 levels left

rFire   . . .      SeeInvis +   V - +5 broad axe
rCold   + . .      Faith    .   C - +0 kite shield
rNeg    . . .      Spirit   .   m - +6 ring mail of the Albatross {rC+ Str+4}
rPois   .          Reflect  .   (helmet unavailable)
rElec   .          Harm     .   j - +0 cloak
rCorr   .          Rampage  .   l - +2 pair of gloves
Will    +....                   (no boots)
Stlth   +.........              I - amulet of regeneration
HPRegen 1.08/turn               s - ring of see invisible
MPRegen 0.16/turn               z - +6 ring of dexterity

@: sanguine armoured, unable to read
A: horns 3, demonic guardian 2, foul stench 2, sanguine armour 2, dopey 1, high
MP 1, [deterioration 2], [low MP 2], [weak 2], [no potion heal 2], [subdued
magic 2], [inability to read while threatened 2]
a: Renounce Religion, Upheaval, Elemental Force


You were on level 3 of the Abyss.
You worshipped Qazlal.
Qazlal was most pleased with you.
You visited 2 branches of the dungeon, and saw 16 of its levels.
You visited the Abyss 1 time.
You also visited: Sewer and Ossuary.

You collected 1130 gold pieces.
You spent 50 gold pieces at shops.

Inventory:

Hand Weapons
 a - a +1 war axe of chaos
 r - a -1 demon whip of venom
 y - the +5 dagger "Ygosism" {vamp, rN++ Str-2}
   (You found it on level 4 of the Dungeon)

   It occasionally heals its wielder for a portion of the damage dealt when it
   wounds a living foe.
   Str:       It affects your strength (-2).
   rN:        It greatly protects you from negative energy.
 V - a +5 broad axe (weapon)
Missiles
 f - 159 stones
 g - 11 boomerangs (quivered)
 D - 2 throwing nets
 L - 31 poisoned darts
 R - a javelin
 S - 6 atropa-tipped darts
Armour
 c - a +0 buckler
 j - a +0 cloak (worn)
 l - a +2 pair of gloves (worn)
 m - the +6 ring mail of the Albatross (worn) {rC+ Str+4}
   (You found it on level 2 of the Dungeon)

   Str:       It affects your strength (+4).
   rC:        It protects you from cold.
 C - a +0 kite shield (worn)
Magical Staves
 O - a staff of death
Jewellery
 b - a +6 ring of dexterity
 p - a ring of wizardry
 s - a ring of see invisible (left hand)
 z - a +6 ring of dexterity (right hand)
 H - a ring of magical power
 I - an amulet of regeneration (around neck)
 M - a +6 ring of intelligence
 P - an amulet of the acrobat
Wands
 i - a wand of charming (3)
 n - a wand of flame (61)
 G - a wand of polymorph (4)
Scrolls
 h - 4 scrolls of immolation
 o - 12 scrolls of identify
 t - 3 scrolls of blinking
 u - 6 scrolls of amnesia
 A - a scroll of summoning
 F - a scroll of teleportation
 J - a scroll of fog
 Q - 2 scrolls of magic mapping
 U - a scroll of silence
Potions
 d - 2 potions of might
 e - 2 potions of brilliance
 k - 3 potions of lignification
 q - a potion of resistance
 v - a potion of attraction
 w - a potion of heal wounds
 x - 5 potions of flight
 B - 8 potions of curing
 K - a potion of invisibility
 N - 7 potions of ambrosia
 T - a potion of mutation


   Skills:
 + Level 10.1 Fighting
 + Level 0.2 Short Blades
 + Level 13.4(13.5) Axes
 + Level 1.3(8.7) Maces & Flails
 + Level 1.1 Throwing
 + Level 8.2 Armour
 + Level 7.2 Dodging
 + Level 2.9 Stealth
 + Level 9.3 Shields
 * Level 8.5 Invocations
 * Level 6.3 Evocations


You had 13 spell levels left.
You didn't know any spells.
Your spell library contained the following spells:

 Spells                   Type           Power      Damage    Failure   Level
 Apportation              Tloc           0%         N/A       80%         1
 Magic Dart               Conj           0%         1d3       80%         1
 Necrotise                Necr           0%         1d4       80%         1
 Sandblast                Erth           0%         2d4       80%         1
 Shock                    Conj/Air       0%         1d3       80%         1
 Summon Small Mammal      Summ           0%         N/A       80%         1
 Ensorcelled Hibernation  Hex/Ice        0%         N/A       90%         2
 Passwall                 Tmut/Erth      0%         N/A       90%         2
 Searing Ray              Conj           0%         2d4       90%         2
 Swiftness                Air            0%         N/A       99%         3
 Airstrike                Air            0%         0-1+      100%        4
 Fulminant Prism          Conj/Hex       0%         3d6       100%        4
 Leda's Liquefaction      Hex/Erth       0%         N/A       100%        4
 Summon Ice Beast         Ice/Summ       0%         N/A       100%        4
 Summon Mana Viper        Hex/Summ       0%         N/A       100%        5
 Iron Shot                Conj/Erth      0%         9d1       100%        6
 Monstrous Menagerie      Summ           0%         N/A       100%        7
 Shatter                  Erth           0%         3d5*      100%        9


Dungeon Overview and Level Annotations

Branches:
Dungeon (15/15)            Temple (1/1) D:7            Lair (0/6) D:8
    Orc (0/2) D:11         Vaults (0/5) D:14          Sewer (visited)
Ossuary (visited)
 Depths: D:15

Altars:
Ashenzari
Cheibriados
Dithmenos
Fedhas
Gozag
Hepliaklqana
Kikubaaqudgha
Makhleb
Nemelex Xobeh
Okawaru
Qazlal
Ru
Sif Muna
Trog
Uskayaw
Vehumet
Wu Jian
Xom
Yredelemnul

Shops:
D:2 :   D:12 !

Annotations:
D:7 1 transporter, coolguy69's ghost, journeyman VSMo
D:12 Frances
D:15 Louise


Innate Abilities, Weirdness & Mutations

You have a pair of large horns on your head.
A demonic guardian rushes to your aid.
You sometimes emit foul miasma when damaged in melee.
When seriously injured, your blood forms thick armour. (AC +9)
You are dopey. (Int -2)
You have an increased reservoir of magic. (+10% MP)
[Your body often deteriorates upon taking damage.]
[Your magical capacity is very low. (-20% MP)]
[You are very weak. (Str -4)]
[Potions cannot restore your health.]
[Your spells are easier to cast, but less powerful.]
[You sometimes lose the ability to read scrolls when taking damage.]


Message History

The horns on your head grow some more.
You closely miss the small abomination. You headbutt the small abomination!
The small abomination is heavily damaged.
You are suddenly pulled into a different region of the Abyss!
A wretched star comes into view.
You closely miss the wretched star. Your headbutt misses the wretched star.
The wretched star pulses with an eldritch light!
You feel weaker. x2
You hit the wretched star but do no damage.
Your headbutt misses the wretched star.
The wretched star pulses with an eldritch light!
You occasionally lose the ability to read scrolls when threatened.
You lose the ability to read scrolls when threatened more often.
Your connection to magic feels subdued.
Your connection to magic feels more subdued.
You slash the wretched star!
The wretched star is moderately damaged.
The wretched star glows turbulently.
The lance of force hits you!!
You feel threatened and lose the ability to read scrolls!
* * * LOW HITPOINT WARNING * * *
You are knocked back by the lance of force.
You slam into the stone wall!
The wretched star pulses with an eldritch light!
Your system partially rejects the healing effects of potions.
Your system completely rejects the healing effects of potions.
You hit the wretched star.
The wretched star is moderately damaged.
The wretched star pulses with an eldritch light!
You feel your body start to fall apart.
You slash the wretched star!
The wretched star is moderately damaged.
You barely miss the wretched star. You headbutt the wretched star!
The wretched star is heavily damaged.
The wretched star glows turbulently.
The lance of force hits you.
* * * LOW HITPOINT WARNING * * *
You are knocked back by the lance of force.
You slam into the stone wall!
You die...

##. ##..#.##
.. ##..#.#.
. ..
#......# ..
#. ...#..#..
##..##......
#.#.#.....#
..#...°○#°.#
#.....*.@#
...##..#..#
#...####
..... #.....
##.... .. #.
.#. ..


You could see a wretched star.

Vanquished Creatures
  2 tentacled starspawn (Abyss:3)
  A fire dragon (D:14)
  2 ogre magi
  A boulder beetle (D:13)
  3 hydras
  3 centaur warriors
  A death knight (D:14)
  3 two-headed ogres
  Amaemon (D:9)
  A deep elf archer (D:14)
  6 skeletal warriors
  Pikel (D:6)
  An orc knight (D:14)
  2 deep elf zephyrmancers (D:14)
  3 manticores
  20 ugly things
  The ghost of buhh the Insei, a novice OpTm (D:6)
  2 cyclopes
  An orange demon (D:9)
  A gargoyle (D:14)
  A kobold demonologist (D:9)
  5 yaktaurs
  A komodo dragon (shapeshifter) (D:13)
  An efreet (D:15)
  A komodo dragon (D:11)
  6 meliai (D:14)
  5 trolls
  Grinder (D:4)
  A queen bee (D:10)
  A small abomination (Abyss:3)
  4 wraiths
  Sigmund (D:2)
  A ynoxinul (D:11)
  2 shadows
  16 yaks
  A wyvern (D:9)
  A vampire (D:12)
  A basilisk (D:13)
  2 vampire mosquitoes (D:13)
  3 wargs
  An acid dragon (D:8)
  4 water moccasins
  2 sky beasts
  10 orc warriors
  A black bear (D:5)
  6 ogres
  5 boggarts (D:14)
  12 centaurs
  A phantom (D:7)
  A lemure (D:6)
  A kobold brigand (D:9)
  Blork the orc (D:6)
  A necrophage (D:6)
  5 bullfrogs
  2 gnoll sergeants
  2 scorpions (D:5)
  5 wights (D:9)
  6 water moccasin zombies (Ossuary)
  24 killer bees
  6 howler monkeys
  2 hounds
  12 orc priests
  A jelly (D:4)
  3 iguanas
  A merfolk siren (Sewer)
  9 orc wizards
  A merfolk avatar (Sewer)
  2 mummies (Ossuary)
  Robin (D:3)
  8 adders
  A river rat (Sewer)
  17 gnolls
  3 white imps
  2 ufetubi (D:4)
  2 adder zombies (Ossuary)
  2 worms
  4 dart slugs
  38 orcs
  6 ball pythons
  2 bats
  2 endoplasms
  7 giant cockroaches
  6 gnoll zombies (Ossuary)
  21 goblins
  8 hobgoblins
  5 jackals
  4 quokkas
  10 frilled lizards
  2 hobgoblin zombies (Ossuary)
  12 kobolds
  2 kobold zombies (Ossuary)
  5 orc zombies (Ossuary)
  34 rats
  3 bushes
445 creatures vanquished.

Vanquished Creatures (collateral kills)
  Erica (D:8)
  The ghost of greasedhog the Blocker, a novice GnFi of Okawaru (D:11)
  A deep elf zephyrmancer (D:14)
  An ugly thing (D:13)
  Maggie (D:7)
  A basilisk (D:12)
  2 steam dragons
  5 yaks
  2 lemures (D:6)
  A hound (D:4)
  A gnoll bouda (D:4)
  An orc priest (D:11)
  An iguana (D:5)
  An orc wizard (D:13)
20 creatures vanquished.

Vanquished Creatures (others)
  8 fungi
  7 plants
  3 starspawn tentacles (Abyss:3)
18 creatures vanquished.

Grand Total: 483 creatures vanquished

Notes
Turn   | Place    | Note
-------+----------+-------------------------------------------
     0 | D:1      | jlumianski the Demonspawn Fighter began the quest for the
                  | Orb.
     0 | D:1      | Reached XP level 1. HP: 18/18 MP: 1/1
   118 | D:1      | Reached skill level 2 in Axes
   327 | D:1      | Gained mutation: When seriously injured, your blood forms
                  | armour. (AC +9) [demonic ancestry]
   327 | D:1      | Reached XP level 2. HP: 24/24 MP: 2/2
  1017 | D:2      | Gained mutation: A weak demonic guardian rushes to your
                  | aid. [demonic ancestry]
  1017 | D:2      | Reached XP level 3. HP: 21/29 MP: 3/3
  1128 | D:2      | Found Fayku's Book Shoppe.
  1329 | D:2      | Identified the +6 ring mail of the Albatross {rC+ Str+4}
  1539 | D:2      | Found a faded altar of an unknown god.
  1572 | D:2      | Gained mutation: A demonic guardian rushes to your aid.
                  | [demonic ancestry]
  1572 | D:2      | Reached XP level 4. HP: 35/35 MP: 4/4
  1888 | D:2      | Noticed Sigmund
  1896 | D:2      | Killed Sigmund
  1897 | D:2      | Reached skill level 3 in Axes
  1897 | D:2      | Reached skill level 1 in Dodging
  1897 | D:2      | Gained mutation: You have a pair of small horns on your
                  | head. [demonic ancestry]
  1897 | D:2      | Reached XP level 5. HP: 41/41 MP: 5/5
  2605 | D:3      | Reached XP level 6. HP: 47/47 MP: 6/6
  2886 | D:3      | Noticed Robin
  2990 | D:3      | Killed Robin
  3209 | D:4      | Reached skill level 4 in Axes
  3288 | D:4      | Found a sand-covered staircase.
  3297 | Ossuary  | Entered an ossuary
  3358 | Ossuary  | Reached XP level 7. HP: 52/54 MP: 7/7
  3372 | Ossuary  | Reached skill level 5 in Axes
  3688 | D:4      | Identified the +5 dagger "Ygosism" {vamp, rN++ Str-2}
  3748 | D:4      | Noticed Grinder
  3755 | D:5      | Entered Level 5 of the Dungeon
  3772 | D:5      | Gained mutation: You are dopey. (Int -2) [potion of
                  | mutation]
  3772 | D:5      | Gained mutation: You have an increased reservoir of magic.
                  | (+10% MP) [potion of mutation]
  4017 | D:5      | Noticed a steam dragon
  4022 | D:5      | Reached skill level 6 in Axes
  4032 | D:5      | Killed a steam dragon
  4033 | D:5      | Reached skill level 5 in Fighting
  4033 | D:5      | Gained mutation: You may rarely emit foul miasma when
                  | damaged in melee. [demonic ancestry]
  4033 | D:5      | Reached XP level 8. HP: 23/62 MP: 8/8
  4425 | D:5      | Found a glowing drain.
  4434 | Sewer    | Entered a sewer
  5149 | D:4      | Paralysed by Grinder for 5 turns
  5166 | D:4      | Killed Grinder
  5167 | D:4      | Reached skill level 7 in Axes
  5240 | D:4      | Reached skill level 5 in Armour
  5835 | D:6      | Noticed Blork the orc
  5839 | D:6      | Killed Blork the orc
  5849 | D:6      | Noticed Pikel
  5860 | D:6      | Killed Pikel
  5861 | D:6      | Reached skill level 1 in Stealth
  5861 | D:6      | Reached XP level 9. HP: 55/69 MP: 9/9
  5950 | D:6      | Found a runed translucent door.
  5950 | D:6      | Noticed buhh's ghost (novice OpTm)
  5966 | D:6      | Reached skill level 8 in Axes
  6289 | D:6      | Found a sparkling altar of Nemelex Xobeh.
  6664 | D:6      | Killed buhh's ghost
  6748 | D:7      | Found a transporter.
  6868 | D:7      | Noticed a troll
  6875 | D:7      | Killed a troll
  6895 | D:7      | Reached skill level 9 in Axes
  6957 | D:7      | Noticed Maggie
  6965 | D:7      | Killed Maggie
  6966 | D:7      | Reached XP level 10. HP: 41/77 MP: 11/11
  7280 | D:7      | Found a staircase to the Ecumenical Temple.
  7296 | Temple   | Entered the Ecumenical Temple
  7558 | D:7      | Found a transporter.
  7584 | D:7      | Noticed a cyclops
  7600 | D:7      | Noticed coolguy69's ghost (journeyman VSMo)
  7702 | D:7      | Reached skill level 5 in Shields
  7708 | D:7      | Paralysed by a hornet for 3 turns
  7977 | D:8      | Noticed Erica
  7999 | D:8      | Killed Erica
  9509 | D:8      | Reached skill level 10 in Axes
  9955 | D:8      | Found a staircase to the Lair.
 10472 | D:9      | Reached skill level 5 in Dodging
 10546 | D:9      | Noticed a two-headed ogre
 10551 | D:9      | Noticed Amaemon
 10551 | D:9      | Noticed an orange demon
 10633 | D:9      | Killed Amaemon
 10634 | D:9      | Gained mutation: You sometimes emit foul miasma when
                  | damaged in melee. [demonic ancestry]
 10634 | D:9      | Reached XP level 11. HP: 55/85 MP: 12/12
 11005 | D:9      | Reached skill level 11 in Axes
 11199 | D:10     | Entered Level 10 of the Dungeon
 11702 | D:10     | Found a stormy altar of Qazlal.
 11711 | D:10     | Became a worshipper of Qazlal Stormbringer
 11867 | D:11     | Noticed a brown ugly thing
 11897 | D:10     | Killed a brown ugly thing
 12603 | D:11     | Noticed greasedhog's ghost (novice GnFi)
 12612 | D:11     | Found a runed translucent door.
 12629 | D:11     | Reached * piety under Qazlal
 12690 | D:11     | Found a staircase to the Orcish Mines.
 12715 | D:11     | Reached skill level 1 in Evocations
 12731 | D:11     | Reached skill level 1 in Invocations
 13284 | D:11     | Killed greasedhog's ghost
 13285 | D:11     | Reached skill level 12 in Axes
 13285 | D:11     | Gained mutation: When seriously injured, your blood forms
                  | thick armour. (AC +9) [demonic ancestry]
 13285 | D:11     | Reached XP level 12. HP: 31/94 MP: 14/14
 13320 | D:11     | Got Gasaudiy's Quarto of Minerals
 13386 | D:12     | Found a blossoming altar of Fedhas.
 13537 | D:12     | Noticed an eight-headed hydra
 13551 | D:12     | Killed an eight-headed hydra
 13676 | D:12     | Noticed a two-headed ogre
 13687 | D:12     | Killed a two-headed ogre
 13700 | D:12     | Noticed a four-headed hydra
 13713 | D:12     | Killed a four-headed hydra
 13848 | D:12     | Found Huonke's Distillery.
 13863 | D:12     | Bought a potion of heal wounds for 50 gold pieces
 14087 | D:13     | Noticed a centaur warrior
 14101 | D:13     | Killed a centaur warrior
 14102 | D:13     | Noticed a centaur warrior
 14107 | D:13     | Reached ** piety under Qazlal
 14114 | D:13     | Killed a centaur warrior
 14161 | D:13     | Noticed a boulder beetle
 14193 | D:13     | Killed a boulder beetle
 14351 | D:13     | Noticed Frances
 14352 | D:13     | Noticed a six-headed hydra
 14735 | D:14     | Noticed an ogre mage
 14736 | D:14     | Noticed a two-headed ogre
 14772 | D:13     | Killed an ogre mage
 14864 | D:13     | Reached skill level 1 in Maces & Flails
 14885 | D:13     | Reached skill level 5 in Invocations
 15143 | D:13     | Killed a two-headed ogre
 15144 | D:13     | Gained mutation: You have a pair of horns on your head.
                  | [demonic ancestry]
 15144 | D:13     | Reached XP level 13. HP: 91/101 MP: 18/18
 15247 | D:14     | Found a gate to the Vaults.
 15518 | D:14     | Reached *** piety under Qazlal
 15519 | D:14     | Reached skill level 5 in Evocations
 16120 | D:13     | Reached skill level 13 in Axes
 16692 | D:15     | Entered Level 15 of the Dungeon
 17226 | D:15     | Noticed a fire dragon
 17291 | D:14     | Killed a fire dragon
 17497 | D:15     | Reached skill level 10 in Fighting
 17497 | D:15     | Reached skill level 1 in Throwing
 17663 | D:15     | Noticed Louise
 17666 | Abyss:3  | Cast into level 3 of the Abyss (Louise)
 17710 | Abyss:3  | Noticed a hellephant
 17719 | Abyss:3  | Noticed a starflower
 17721 | Abyss:3  | Noticed a starflower
 17850 | Abyss:3  | Noticed a bone dragon
 17851 | Abyss:3  | Noticed a tentacled starspawn
 17916 | Abyss:3  | Noticed a tentacled starspawn
 17916 | Abyss:3  | Noticed a tentacled starspawn
 17926 | Abyss:3  | HP: 5/103 [tentacled starspawn (26)]
 17926 | Abyss:3  | HP: 1/103 [tentacled starspawn (4)]
 17931 | Abyss:3  | Killed a tentacled starspawn
 17931 | Abyss:3  | Killed a tentacled starspawn
 17932 | Abyss:3  | Gained mutation: You have a pair of large horns on your
                  | head. [demonic ancestry]
 17932 | Abyss:3  | Reached XP level 14. HP: 19/110 MP: 18/18
 17935 | Abyss:3  | HP: 4/110 [wretched star/lance of force (20)]
 17939 | Abyss:3  | Collided with a stone wall

Illustrated notes

Levels and vault maps discovered:
D:1:      ncdulo_wetmaze, layout_basic, serial_park_tiny_2
D:2:      cheibrodos_old_hovel, layout_basic, basic_altar,
          shapermc_ecumenical_altar_hornbeckon, serial_shops, shop, uniq_sigmund
D:3:      kennysheep_goblin_castle, layout_loops_corners
D:4:      layout_basic, nicolae_ossuary_entry_ruins, uniq_grinder
D:5:      layout_rooms, portal_sewer_entry_d, minmay_door_square,
          kennysheep_generic_room_13
D:6:      layout_loops_cross, overflow_temple_1_default,
          hellmonk_ghost_happy_afterlife, uniq_pikel, uniq_blork_the_orc
D:7:      layout_rooms, minmay_temple_entry_sparse_star, nzn_ghost_randoct,
          skrybe_limestone_x, water_boxes_lemuel, uniq_maggie
D:8:      layout_cave_pods, erik_lair_orcish_takeover, minmay_liquid_box,
          uniq_erica
D:9:      layout_roguey, uniq_amaemon
D:10:     layout_big_octagon, nicolae_qazlal_style_of_elements
D:11:     layout_loops_corners, minmay_orc_entry_temple_small, special_room
          [special_room_bee], hellmonk_ghost_big_iron
D:12:     layout_cave_pools, serial_shops, shop, serial_glass, glass_columns_b,
          glass_columns_b, fedhas_bush_and_centaur_altar
D:13:     layout_rooms, nrook_loot_triangle, uniq_frances
D:14:     layout_small_grid, hangedman_vaults_entry_quadrant_bands,
          nrook_pool_corridor
D:15:     hangedman_depths_entry_try_elsewhere_first, layout_small_grid,
          nzn_wu_jian_council_hall, uniq_louise
Temple:   nicolae_temple_bog_church
Abyss:3:  base: D:13, minivault_28, spicy_abyss_rude_harpoons,
          serial_sigils_hangedman_shear, hangedman_shadowy_showcase,
          hangedman_cross_veins, kilobyte_mutagenic_chamber,
          evilmike_abyss_exit_chaos

Skill      XL: |  1  2  3  4  5  6  7  8  9 10 11 12 13 |
---------------+----------------------------------------+-----
Axes           | 2 3 4 6 7 9 10 12 13 | 13.4
Shields        | 3 4 5 6 8 9 |  9.3
Armour         | 3 4 5 6 7 8 |  8.2
Dodging        | 1 2 3 5 6 7 |  7.2
Fighting       | 4 5 6 7 8 9 10 | 10.1
Stealth        | 1 2 |  2.9
Evocations     | 1 4 6 |  6.3
Invocations    | 1 5 8 |  8.5
Maces & Flails | 1 |  1.3
Throwing       | 1 |  1.1
Short Blades   | |  0.2

Action                   |  1- 3 |  4- 6 |  7- 9 | 10-12 | 13-15 || total
-------------------------+-------+-------+-------+-------+-------++-------
Melee: War axe           |   139 |   139 |   308 |   753 |    82 ||  1421
       Headbutt          |       |    26 |    69 |   205 |    78 ||   378
       Demon whip        |       |       |       |    10 |     6 ||    16
       Dagger            |       |       |       |     9 |       ||     9
       Broad axe         |       |       |       |       |   200 ||   200
Throw: Stone             |       |     3 |     2 |     1 |       ||     6
       Boomerang         |       |       |     6 |       |     1 ||     7
       Dart              |       |       |       |       |     1 ||     1
Invok: Upheaval          |       |       |       |     1 |       ||     1
       Elemental Force   |       |       |       |       |     2 ||     2
Evoke: Wand              |       |       |     3 |     2 |     2 ||     7
  Use: Potion            |       |     2 |    11 |     5 |     4 ||    22
       Scroll            |       |     6 |    10 |    12 |     7 ||    35
 Stab: Sleeping          |       |       |       |     1 |       ||     1
       Distracted        |       |       |       |     1 |     1 ||     2
       Confused          |       |       |       |       |     2 ||     2
       Paralysed         |       |       |       |       |     1 ||     1
Armor: Scale mail        |    75 |       |       |       |       ||    75
       Ring mail         |     9 |    76 |   139 |   357 |   140 ||   721
Dodge: Dodged            |    65 |    88 |   149 |   482 |   154 ||   938
Block: Buckler           |    39 |    43 |    77 |    79 |       ||   238
       Kite shield       |       |       |       |   413 |   307 ||   720

Table legend: (Time is in decaauts)
 A = Elapsed time spent in this place.
 B = Non-inter-level travel time spent in this place.
 C = Inter-level travel time spent in this place.
 D = Time resting spent in this place.
 E = Time spent auto-exploring this place.
 F = Levels seen in this place.
 G = Mean time per level.
                   A        B        C        D        E       F      G
               +--------+--------+--------+--------+--------+-----+--------+
         Total |  18356 |  18231 |    125 |   2627 |   6534 |  19 |  966.1 |
       Dungeon |  16914 |  16789 |    125 |   2531 |   6311 |  15 | 1127.6 |
        Temple |    159 |    159 |      0 |      0 |      0 |   1 |  159.0 |
         Abyss |    274 |    274 |      0 |      0 |     56 |   1 |  274.0 |
         Sewer |    599 |    599 |      0 |      0 |    167 |   1 |  599.0 |
       Ossuary |    407 |    407 |      0 |     96 |      0 |   1 |  407.0 |
               +--------+--------+--------+--------+--------+-----+--------+

Top non-repeatable levels by time:
    D:14: 1995 daAuts
     D:7: 1848 daAuts
    D:11: 1524 daAuts
     D:8: 1443 daAuts
     D:3: 1201 daAuts
    D:13: 1141 daAuts
     D:9: 1119 daAuts
     D:5: 1117 daAuts
     D:2: 1047 daAuts
     D:1: 986 daAuts
     D:6: 897 daAuts
    D:12: 842 daAuts
     D:4: 748 daAuts
    D:10: 624 daAuts
   Sewer: 599 daAuts
